 Dungeon Crawl Stone Soup version 0.32-a0-471-gb91d5d9 (webtiles) character file.

Game seed: 5140232992065370716

912 tls9540 the Fighter (level 8, 0/47 HPs)
             Began as a Vine Stalker Monk on Feb 25, 2024.
             Was a Priest of Beogh.
             Killed by divine providence
             ... invoked by Boghold the orc apostle
              (9 damage)
             ... on level 5 of the Dungeon.
             The game lasted 00:03:40 (2957 turns).

tls9540 the Fighter (Vine Stalker Monk)             Turns: 2957, Time: 00:03:41

Health: 0/47       AC:  9    Str: 16    XL:     8   Next: 9%
Magic:  0/9        EV: 11    Int: 10    God:    Beogh [***...]
Gold:   185        SH:  0    Dex: 17    Spells: 7/7 levels left

rFire   . . .        m - +2 whip (drain)
rCold   . . .        c - orb {light}
rNeg    . . .        g - +3 ring mail of Uluroo {Will+ Slay+4 Stlth+}
rPois   .            u - +0 helmet
rElec   .            (no cloak)
rCorr   .            (no gloves)
SInv    .            (no boots)
Will    ++...        (no amulet)
Stlth   +            (no ring)
HPRegen 1.07/turn    (no ring)
MPRegen 0.11/turn

%: guardian spirit
@: glowing
A: fangs 3, regeneration 1, magic shield, antimagic bite, no potion heal 2
a: Renounce Religion, Smiting


You were on level 5 of the Dungeon.
You worshipped Beogh.
Beogh was most pleased with you.
You visited 1 branch of the dungeon, and saw 5 of its levels.

You collected 185 gold pieces.

Inventory:

Hand Weapons
 m - a +2 whip of draining (weapon)
Armour
 a - a +0 robe
 c - an orb of light (worn)
 g - the +3 ring mail of Uluroo (worn) {Will+ Slay+4 Stlth+}
   (You found it on level 2 of the Dungeon)

   Slay+4:    It affects your accuracy & damage with ranged weapons and melee
   (+4).
   Will+:     It increases your willpower.
   Stlth+:    It makes you more stealthy.
 u - a +0 helmet (worn)
Jewellery
 e - a ring of see invisible
Wands
 o - a wand of roots (4)
 q - a wand of flame (28)
 s - a wand of digging (6)
Scrolls
 i - 3 scrolls of amnesia {unknown}
 j - 4 scrolls of teleportation
 l - a scroll of noise {unknown}
 n - a scroll of enchant weapon {unknown}
 p - a scroll of revelation {unknown}
Potions
 b - a potion of ambrosia
 f - a potion of berserk rage
 h - a potion of resistance
 k - 2 potions of attraction
 r - a potion of haste
 t - a potion of magic


   Skills:
 * Level 8.0 Fighting
 - Level 3.0 Maces & Flails
 - Level 2.4 Dodging
 - Level 3.0 Unarmed Combat


You had 7 spell levels left.
You didn't know any spells.
Your spell library was empty.

Dungeon Overview and Level Annotations

Branches:
Dungeon (5/15)             Temple (0/1) D:5

Altars:
Nemelex Xobeh
Qazlal
Ru
Wu Jian
Xom
Zin

Shops:
D:4 [

Annotations:
D:2 1 runed translucent door, Crazy Yiuf


Innate Abilities, Weirdness & Mutations

Your facial features look somewhat orcish.
You have razor-sharp teeth.
Your natural rate of healing is unusually fast.
When hurt, damage is shared between your health and your magic reserves.
Your bite disrupts and absorbs the magic of your enemies.
Potions cannot restore your health.


Message History

Beogh smites you!
You hit Boghold. You drain Boghold. You bite Boghold, but do no damage.
Boghold is moderately wounded.
Boghold closely misses you.
You hit Boghold but do no damage. You drain Boghold.
Boghold is moderately wounded.
Boghold closely misses you.
You hit Boghold but do no damage. You drain Boghold.
Boghold is heavily wounded.
Boghold mumbles some strange prayers to Beogh against you.
Beogh smites you!
* * * LOW HITPOINT WARNING * * *
You hit Boghold.
Boghold is heavily wounded.
Boghold hits you but does no damage.
You hit Boghold but do no damage. You drain Boghold.
Boghold is heavily wounded.
Boghold hits you but does no damage.
You hit Boghold but do no damage. You drain Boghold.
Boghold is heavily wounded.
Boghold hits you with a +1 flail of protection!
* * * LOW HITPOINT WARNING * * *
You barely miss Boghold.
Boghold is heavily wounded.
Boghold mumbles some strange prayers to Beogh.
Boghold is healed somewhat.
You hit Boghold but do no damage. You drain Boghold.
You bite Boghold, but do no damage.
Boghold is heavily wounded.
Boghold hits you with a +1 flail of protection.
* * * LOW HITPOINT WARNING * * *
You barely miss Boghold. You bite Boghold, but do no damage.
Boghold is heavily wounded.
Boghold hits you but does no damage.
You hit Boghold but do no damage. You drain Boghold. Your bite misses Boghold.
Boghold is heavily wounded.
Boghold calls down the wrath of Beogh upon you.
Beogh smites you!
You die...
Beogh appreciates Boghold's killing of a heretic priest.

..#...###...#........# #.#.# #
..#............###...###.#.# #
+##...........##⌠##...##.#.# #
.##..........##...##...#.#.# #
......###...##.....##..#.#.####
#
........##..#⌠..♣..⌠#..#.#....#
#
........##..##.....##....####.#
#
........##...##...##...#.####.#
#
.........#....##@##...##.#.##.#
#
.........#.#...#o#...###.#.##.#
#
+#+#.....#...........###.#.##.#
#
...+.....+.........#.......##.#
#
...#.....#.........#####.#.##.#
# .......÷.........### #.#.##.#
#
.......###.#.....#######.#....#
#
...........................####
# .#.......#.#.#...........#.#
#


You could see Boghold the orc apostle (very drained, divinely empowered).

Vanquished Creatures
  The ghost of tlatlagkaus the Apothecary, a novice OpAl (D:5)
  A water moccasin (D:5)
  A black bear (D:4)
  A scorpion (D:5)
  A howler monkey (D:5)
  A bombardier beetle (D:5)
  A gnoll bouda (D:5)
  3 hounds
  An iguana (D:4)
  4 adders
  9 gnolls (D:5)
  2 ufetubi (D:5)
  2 dart slugs
  9 orcs
  2 ball pythons (D:3)
  8 endoplasms
  3 giant cockroaches
  9 hobgoblins
  2 kobolds
  2 quokkas
  3 bats
  A frilled lizard (D:3)
  9 goblins
  4 rats
80 creatures vanquished.

Vanquished Creatures (others)
  A quokka (D:3)
1 creature vanquished.

Grand Total: 81 creatures vanquished

Notes
Turn   | Place    | Note
-------+----------+-------------------------------------------
     0 | D:1      | tls9540 the Vine Stalker Monk began the quest for the Orb.
     0 | D:1      | Reached XP level 1. HP: 11/11 MP: 2/2
    30 | D:1      | Reached skill level 3 in Fighting
    33 | D:1      | Reached XP level 2. HP: 14/16 MP: 3/3
   354 | D:2      | Identified the +3 ring mail of Uluroo {Will+ Slay+4 Stlth+}
   518 | D:2      | Found a runed translucent door.
   519 | D:2      | Noticed Crazy Yiuf
   648 | D:3      | Reached XP level 3. HP: 19/21 MP: 4/4
   703 | D:3      | Reached skill level 4 in Fighting
   704 | D:3      | Found a glowing silver altar of Zin.
   999 | D:3      | Became a worshipper of Beogh the Shepherd
   999 | D:3      | Reached * piety under Beogh
   999 | D:3      | Reached ** piety under Beogh
  1543 | D:4      | Reached XP level 4. HP: 26/26 MP: 5/5
  1593 | D:4      | Found Kikawk's Armour Emporium.
  1593 | D:4      | Noticed an animated storm dragon scales
  1593 | D:4      | Noticed an animated plate armour
  1594 | D:4      | Noticed a black bear
  1600 | D:4      | Killed a black bear
  1601 | D:4      | Reached skill level 5 in Fighting
  1601 | D:4      | Reached XP level 5. HP: 30/30 MP: 6/6
  1865 | D:4      | Found a sparkling altar of Nemelex Xobeh.
  1882 | D:4      | Found a stormy altar of Qazlal.
  1996 | D:4      | Reached XP level 6. HP: 35/36 MP: 7/7
  2032 | D:5      | Entered Level 5 of the Dungeon
  2036 | D:5      | Noticed a water moccasin
  2041 | D:5      | Killed a water moccasin
  2042 | D:5      | Reached skill level 6 in Fighting
  2042 | D:5      | Reached skill level 1 in Maces & Flails
  2137 | D:5      | Noticed tlatlagkaus's ghost (novice OpAl)
  2320 | D:5      | Found a staircase to the Ecumenical Temple.
  2341 | D:5      | Found a shimmering altar of Xom.
  2341 | D:5      | Found an ornate altar of the Wu Jian Council.
  2365 | D:5      | Reached XP level 7. HP: 39/41 MP: 8/8
  2374 | D:5      | Found a sacrificial altar of Ru.
  2516 | D:5      | Found a runed translucent door.
  2542 | D:5      | Reached skill level 7 in Fighting
  2883 | D:5      | Killed tlatlagkaus's ghost
  2883 | D:5      | Reached *** piety under Beogh
  2884 | D:5      | Reached skill level 8 in Fighting
  2884 | D:5      | Gained mutation: You have razor-sharp teeth. [Vine Stalker
                  | growth]
  2884 | D:5      | Reached XP level 8. HP: 5/47 MP: 6/9
  2957 | D:5      | Killed from afar by Boghold the orc apostle

Illustrated notes

Levels and vault maps discovered:
D:1:      tarquinn_simple_flora_water_a, layout_basic, st_stairs_7,
          minmay_stone_trees_small, minmay_statues_item
D:2:      layout_loops_cross, uniq_crazy_yiuf_cottage
D:3:      layout_basic, mainiacjoe_overflow_paths, guppyfry_early_orc_mine
D:4:      layout_rooms, kennysheep_mini, nicolae_qazlal_scattered_showers,
          serial_shops, nicolae_shop_mannequins, nrook_uturn
D:5:      layout_basic, lemuel_tele_altar, nicolae_overflow_two_pavilions,
          temple_statues, hellmonk_ghost_happy_afterlife

Skill      XL: |  1  2  3  4  5  6  7 |
---------------+----------------------+-----
Fighting       | 3 4 5 6 8 |  8.0
Maces & Flails | 2 3 |  3.0
Dodging        | |  2.4
Unarmed Combat | |  3.0

Action                     |  1- 3 |  4- 6 |  7- 9 || total
---------------------------+-------+-------+-------++-------
  Melee: Unarmed           |    71 |       |       ||    71
         Bite              |    28 |    18 |    28 ||    74
         Whip              |    12 |    44 |    62 ||   118
 Invoke: Convert to Beogh  |     1 |       |       ||     1
  Evoke: Wand              |       |       |     2 ||     2
    Use: Potion            |       |       |     2 ||     2
         Scroll            |       |       |     6 ||     6
   Stab: Sleeping          |     1 |       |       ||     1
 Armour: Robe              |    18 |       |       ||    18
         Ring mail         |    27 |    26 |    45 ||    98
  Dodge: Dodged            |    31 |    25 |    32 ||    88

Table legend: (Time is in decaauts)
 A = Elapsed time spent in this place.
 B = Non-inter-level travel time spent in this place.
 C = Inter-level travel time spent in this place.
 D = Time resting spent in this place.
 E = Time spent auto-exploring this place.
 F = Levels seen in this place.
 G = Mean time per level.
                   A        B        C        D        E       F      G
               +--------+--------+--------+--------+--------+-----+--------+
         Total |   2953 |   2853 |    100 |      0 |   2381 |   5 |  590.6 |
       Dungeon |   2953 |   2853 |    100 |      0 |   2381 |   5 |  590.6 |
               +--------+--------+--------+--------+--------+-----+--------+

Top non-repeatable levels by time:
     D:5: 922 daAuts
     D:3: 892 daAuts
     D:2: 540 daAuts
     D:4: 501 daAuts
     D:1: 95 daAuts
